 Dungeon Sprint DCSS version 0.25-a0-589-g1e14c549ee (webtiles) character file.

Game seed: 11447071655114348334, levelgen mode: deterministic

25 Conn the Magician (level 3, -27/21 HPs)
             Began as an Octopode Wizard on Mar 9, 2020.
             Annihilated by an ogre
             ... wielding a +0 giant club
              (28 damage)
             ... in the Dungeon (Sprint I: "Red Sonja").
             The game lasted 00:03:09 (273 turns).

Conn the Magician (Octopode Wizard)                  Turns: 273, Time: 00:03:10

Health: -27/21     AC:  1    Str:  7    XL:     3   Next: 4%
Magic:  1/9        EV: 13    Int: 20    God:
Gold:   0          SH:  0    Dex: 10    Spells: 1/12 levels left

rFire    . . .     SeeInvis .   e - +0 dagger
rCold    . . .     Gourm    .   (no shield)
rNeg     . . .     Faith    .   a - +0 hat
rPois    .         Spirit   .   (no amulet)
rElec    .         Reflect  .   (no ring)
rCorr    .         Harm     .   (no ring)
MR       .....     NoTele   +   (no ring)
Stlth    +++.......             (no ring)
HPRegen  0.07/turn              (no ring)
MPRegen  0.11/turn              (no ring)
                                (no ring)
                                (no ring)

@: very slightly contaminated
A: almost no armour, stealthy swim, amphibious, 8 rings, constrict 8, camouflage
1, gelatinous body 1
a: no special abilities


You were in the Dungeon.
You were not hungry.

You visited 1 branch

Inventory:

Hand Weapons
 e - a +0 dagger (weapon)
Armour
 a - a +0 hat (worn)
Wands
 b - a wand of digging (6)
Scrolls
 i - a scroll of blinking
Potions
 d - a potion of curing
 f - a potion of haste
 g - 2 potions of magic
Comestibles
 c - a ration


   Skills:
 - Level 2.9 Dodging
 - Level 3.6 Stealth
 - Level 0.5 Unarmed Combat
 + Level 5.2 Spellcasting
 * Level 1.3 Conjurations
 - Level 1.0 Summonings
 * Level 1.0 Translocations


You had one spell level left.
You knew the following spells:

 Your Spells              Type           Power        Failure   Level  Hunger
a - Magic Dart            Conj           ##..         6%          1    None
b - Blink                 Tloc           N/A          12%         2    None
c - Call Imp              Summ           #.......     12%         2    None
d - Conjure Flame         Conj/Fire      #.......     26%         3    ##.....
e - Mephitic Cloud        Conj/Pois/Air  #.......     28%         3    ##.....

Your spell library contained the following spells:

 Spells                   Type           Power        Failure   Level  Hunger
 Slow                     Hex            #.......     17%         2    None


Dungeon Overview and Level Annotations

Branches:
Dungeon (1/1)

Altars:


Innate Abilities, Weirdness & Mutations

You cannot wear most types of armour.
You are very stealthy in the water. (Stealth+)
You are amphibious.
You can wear up to eight rings at the same time.
You can use your tentacles to constrict eight enemies at once.
Your skin changes colour to match your surroundings (Stealth+).
Your rubbery body absorbs attacks. (AC +1, EV +1)


Message History

Aim: an ogre, wielding a +0 giant club You miscast Mephitic Cloud.
You are very lightly contaminated with residual magic.
You smell something strange.
Casting: Mephitic Cloud (safe; 28% risk of failure)
Confirm with . or Enter, or press ? or * to list all spells.
Aiming: Mephitic Cloud (safe; 28% risk of failure)
Press: ? - help, Shift-Dir - straight line, f/p - ogre
Aim: an ogre, wielding a +0 giant club That beam is likely to hit you.
Continue anyway?
You miscast Mephitic Cloud.
You are blasted with air!
The ogre hits you with a +0 giant club!!
Ouch! That really hurt!
* * * LOW HITPOINT WARNING * * *
Casting: Mephitic Cloud (safe; 28% risk of failure)
Confirm with . or Enter, or press ? or * to list all spells.
You blink.
The ogre hits you with a +0 giant club!!
Ouch! That really hurt!
You die...

##########
#<.#.§O@.#
#..'..#..+
#..#####+#
#..# #..#
#.[# #⌠⌠#
####


You could see an ogre.

Vanquished Creatures
  Ijyb (D)
1 creature vanquished.

Notes
Turn   | Place    | Note
-------+----------+-------------------------------------------
     0 | D        | Conn the Octopode Wizard began the quest for the Orb.
     0 | D        | Reached XP level 1. HP: 11/11 MP: 4/4
     1 | D        | Noticed Ijyb
    26 | D        | Killed Ijyb
    26 | D        | Reached skill level 5 in Spellcasting
    26 | D        | Reached XP level 2. HP: 5/17 MP: 0/8
    26 | D        | Reached XP level 3. HP: 6/21 MP: 0/9
   252 | D        | Learned a level 2 spell: Blink
   255 | D        | Learned a level 2 spell: Call Imp
   259 | D        | Learned a level 3 spell: Conjure Flame
   263 | D        | Learned a level 3 spell: Mephitic Cloud
   270 | D        | Noticed an ogre
   272 | D        | HP: 1/21 [ogre/+0 giant club (20)]
   273 | D        | Annihilated by an ogre

Levels and vault maps discovered:
D:        dungeon_sprint_1 [red_sonja_temple_1, red_sonja_temple_small_1]

Skill      XL: |  1 |
---------------+----+-----
Stealth        | 3 |  3.6
Spellcasting   | 5 |  5.2
Dodging        | |  2.9
Unarmed Combat | |  0.5
Conjurations   | |  1.3
Summonings     | |  1.0
Translocations | |  1.0

Action                   || total
-------------------------++-------
Melee: Unarmed           ||    13
       Constrict         ||     2
 Cast: Magic Dart        ||     4
       Blink             ||     1
  Use: Potion            ||     2
Armor: Skin              ||     1
Dodge: Dodged            ||     4

Table legend:
 A = Non-vault XP
 B = Vault XP
 C = Vault XP percentage of total XP
 D = Non-vault monster count
 E = Vault monster count
 F = Vault count percentage of total count
                 A         B        C        D         E       F
            +---------+---------+-------+---------+---------+-------
      Total |       0 |      36 | 100.0 |       0 |       1 | 100.0
            +---------+---------+-------+---------+---------+-------
          D |       0 |      36 | 100.0 |       0 |       1 | 100.0
            +---------+---------+-------+---------+---------+-------
